 Dungeon Crawl Stone Soup version 0.27-a0-1281-ge233d83751 (webtiles) character file.

Game seed: 11577661594129159433

104 funkygono the Magician (level 4, -3/24 HPs)
             Began as a Deep Elf Fire Elementalist on June 13, 2021.
             Slain by Crazy Yiuf (15 damage)
             ... on level 2 of the Dungeon.
             The game lasted 00:03:27 (2037 turns).

funkygono the Magician (Deep Elf Fire Elementalist) Turns: 2037, Time: 00:03:28

Health: -3/24      AC:  2    Str:  5    XL:     4   Next: 52%
Magic:  9/12       EV: 13    Int: 21    God:
Gold:   89         SH:  0    Dex: 15    Spells: 4/12 levels left

rFire    . . .     SeeInvis .   h - +0 short sword
rCold    . . .     Faith    .   (no shield)
rNeg     . . .     Spirit   .   a - +0 robe
rPois    .         Reflect  .   (no helmet)
rElec    .         Harm     .   (no cloak)
rCorr    .         Rampage  .   (no gloves)
Will     .....                  (no boots)
Stlth    ++........             (no amulet)
HPRegen  0.08/turn              (no ring)
MPRegen  0.13/turn              (no ring)

@: no status effects
A: no striking features
a: no special abilities


You were on level 2 of the Dungeon.
You visited 1 branch of the dungeon, and saw 2 of its levels.

You collected 89 gold pieces.

Inventory:

Hand Weapons
 d - a +0 whip
 f - a +0 falchion
 h - a +0 short sword (weapon)
Armour
 a - a +0 robe (worn)
Magical Staves
 c - a staff of earth
Potions
 b - 2 potions of haste
 e - a potion of curing {unknown}
 g - a potion of degeneration {unknown}
 i - a potion of brilliance {unknown}
 j - a potion of attraction {unknown}


   Skills:
 + Level 2.7 Dodging
 - Level 2.4 Stealth
 * Level 4.6 Spellcasting
 * Level 2.3 Conjurations
 * Level 4.4 Fire Magic


You had 4 spell levels left.
You knew the following spells:

 Your Spells              Type           Power      Damage    Failure   Level
a - Foxfire               Conj/Fire      76%        2x1d7     2%          1
b - Conjure Flame         Conj/Fire      19%        6-21      9%          3
c - Sticky Flame          Conj/Fire      19%        2d4       28%         4

Your spell library contained the following spells:

 Spells                   Type           Power      Damage    Failure   Level
 Beastly Appendage        Tmut           8%         N/A       12%         1
 Inner Flame              Hex/Fire       14%        N/A       14%         3
 Wereblood                Tmut           4%         N/A       17%         2
 Spider Form              Tmut/Pois      2%         N/A       34%         3
 Ice Form                 Ice/Tmut       4%         N/A       75%         4
 Fireball                 Conj/Fire      9%         3d6       61%         5


Dungeon Overview and Level Annotations

Branches:
Dungeon (2/15)

Altars:

Shops:
D:1 *

Annotations:
D:2 Crazy Yiuf


Message History

The hobgoblin is almost dead.
The foxfire hits the hobgoblin.
You kill the hobgoblin!
Found a stone staircase leading up.
Found an escape hatch in the floor.
You now have 89 gold pieces (gained 10).
There is an escape hatch in the ceiling here.
Found a mace.
Found a runed translucent door.
Crazy Yiuf shouts!
Crazy Yiuf laughs, "Castle forty-two alas!"
Press: ? - help, v - describe, . - travel
Here: Crazy Yiuf, wielding a +2 quarterstaff of chaos and wearing a +0 cloak (fire blocked by a runed translucent door)
The floor.
Crazy Yiuf grits, "Walk King stair!"
You open the door.
Casting: Foxfire (safe; 2% risk of failure)
Confirm with . or Enter, or press ? or * to list all spells.
You conjure some foxfire!
Crazy Yiuf says, "Crazy?
Crazy!?
PORCUPINE!"
Crazy Yiuf misses you.
The foxfire hits Crazy Yiuf.
Crazy Yiuf is moderately wounded.
The foxfire hits Crazy Yiuf.
Crazy Yiuf is moderately wounded.
Casting: Foxfire (safe; 2% risk of failure)
Confirm with . or Enter, or press ? or * to list all spells.
You conjure some foxfire!
Crazy Yiuf hits you with a +2 quarterstaff of chaos!
Crazy Yiuf freezes you.
The foxfire hits Crazy Yiuf.
Crazy Yiuf is severely wounded.
The foxfire hits Crazy Yiuf.
Crazy Yiuf is almost dead.
Casting: Foxfire (safe; 2% risk of failure)
Confirm with . or Enter, or press ? or * to list all spells.
You conjure some foxfire!
Crazy Yiuf says, "Tonal bush rumpyflump!"
Crazy Yiuf hits you with a +2 quarterstaff of chaos!
Ouch! That really hurt!
You die...

..........######
.########.#####
## #.....# .#
######...## .#
###.......<.###
.#
#...#####.....#
.###.###
##.###.## .##..#
###..# #.v##
....## #....#
#@v§## #####
##.#.## #g...#
## #..#.# #....#
.# ##....#
#P.PP#
.######...###
##P..#
....##..#.#
##.##
.......##.# ##.#
#..#..###.###
#.##
#†..........#
##.#


You could see Crazy Yiuf (ally target).

Vanquished Creatures
  6 adders (D:2)
  A worm (D:2)
  A dart slug (D:1)
  3 ball pythons
  2 bats (D:2)
  3 endoplasms
  A giant cockroach (D:1)
  3 goblins (D:2)
  6 hobgoblins
  4 jackals (D:1)
  2 quokkas
  A ball python skeleton (D:2)
  2 frilled lizards (D:1)
  8 kobolds
  2 rats (D:1)
45 creatures vanquished.

Vanquished Creatures (others)
  133 foxfires
133 creatures vanquished.

Grand Total: 178 creatures vanquished

Notes
Turn   | Place    | Note
-------+----------+-------------------------------------------
     0 | D:1      | funkygono the Deep Elf Fire Elementalist began the quest
                  | for the Orb.
     0 | D:1      | Reached XP level 1. HP: 10/10 MP: 6/6
   121 | D:1      | Found Ajies's Assorted Antiques.
   272 | D:1      | Reached XP level 2. HP: 15/15 MP: 5/8
  1254 | D:2      | Reached XP level 3. HP: 19/19 MP: 6/10
  1583 | D:2      | Reached XP level 4. HP: 24/24 MP: 9/12
  1611 | D:2      | Learned a level 3 spell: Conjure Flame
  1616 | D:2      | Learned a level 4 spell: Sticky Flame
  2021 | D:2      | Found a runed translucent door.
  2022 | D:2      | Noticed Crazy Yiuf
  2037 | D:2      | Slain by Crazy Yiuf

Illustrated notes

Levels and vault maps discovered:
D:1:      minmay_arrival_four_circles, layout_basic, serial_shops,
          nicolae_shop_waterfront
D:2:      layout_rooms, minmay_divided_ellipse, uniq_crazy_yiuf_cottage

Skill      XL: |  1  2  3  4 |
---------------+-------------+-----
Fire Magic     | 4 |  4.4
Spellcasting   | 4 |  4.6
Conjurations   | 2 |  2.3
Dodging        | |  2.7
Stealth        | |  2.4

Action                   |  1- 3 |  4- 6 || total
-------------------------+-------+-------++-------
Melee: Short sword       |     3 |     1 ||     4
 Cast: Foxfire           |    59 |    25 ||    84
  Use: Scroll            |     2 |       ||     2
Dodge: Dodged            |     3 |    10 ||    13

Table legend: (Time is in decaauts)
 A = Elapsed time spent in this place.
 B = Non-inter-level travel time spent in this place.
 C = Inter-level travel time spent in this place.
 D = Time resting spent in this place.
 E = Time spent auto-exploring this place.
 F = Levels seen in this place.
 G = Mean time per level.
                   A        B        C        D        E       F      G
               +--------+--------+--------+--------+--------+-----+--------+
         Total |   2035 |   1990 |     45 |     98 |   1611 |   2 | 1017.5 |
       Dungeon |   2035 |   1990 |     45 |     98 |   1611 |   2 | 1017.5 |
               +--------+--------+--------+--------+--------+-----+--------+

Top non-repeatable levels by time:
     D:1: 1172 daAuts
     D:2: 863 daAuts
